 Dungeon Crawl Stone Soup version 0.30-a0-782-ge64f9170bb (webtiles) character file.

Game seed: 16570824841169481231

1709 M4edhros the Nimble (level 9, -1/58 (61) HPs)
             Began as an Octopode Artificer on Feb 19, 2023.
             Slain by a black bear (4 damage)
             ... on level 7 of the Dungeon.
             The game lasted 00:09:18 (4925 turns).

M4edhros the Nimble (Octopode Artificer)            Turns: 4925, Time: 00:09:19

HP:   -1/58 (61)    AC:  1    Str: 11    XL:     9   Next: 3%
MP:   9/9           EV: 18    Int: 13    God:
Gold: 294           SH:  0    Dex: 17    Spells: 1/8 levels left

rFire   . . .      SeeInvis .    (no weapon)
rCold   . . .      Faith    .    (no shield)
rNeg    . . .      Spirit   .    (helmet restricted)
rPois   .          Reflect  .    (no amulet)
rElec   .          Harm     .    (no ring)
rCorr   .          Rampage  .    (no ring)
Will    .....                    (no ring)
Stlth   +++                      (no ring)
HPRegen 0.29/turn                (no ring)
MPRegen 0.11/turn                (no ring)
                                 (no ring)
                                 (no ring)

@: lightly drained
A: almost no armour, amphibious, 8 rings, camouflage 1, gelatinous body 1,
(nimble swimmer 1), tentacles
a: no special abilities


You were on level 7 of the Dungeon.
You visited 1 branch of the dungeon, and saw 7 of its levels.
You also visited: Ossuary.

You collected 294 gold pieces.

Inventory:

Missiles
 l - 7 poisoned darts (quivered)
 y - a throwing net
Wands
 d - a wand of iceblast (5)
 m - a wand of mindburst (9)
 v - a wand of quicksilver (11)
Scrolls
 a - 4 scrolls of teleportation
 f - 3 scrolls of vulnerability
 g - a scroll of enchant weapon
 j - 2 scrolls of immolation
Potions
 k - 2 potions of curing
 p - a potion of ambrosia {unknown}
 q - 2 potions of attraction
 r - a potion of brilliance {unknown}
 s - a potion of mutation {unknown}
 t - a potion of degeneration {unknown}
 w - a potion of flight
 x - a potion of might {unknown}
 z - a potion of invisibility {unknown}


   Skills:
 - Level 5.5 Fighting
 - Level 8.3 Dodging
 - Level 1.3 Stealth
 + Level 3.6 Summonings
 + Level 4.4 Poison Magic
 - Level 3.2 Evocations


You had one spell level left.
You knew the following spells:

 Your Spells              Type           Power      Damage    Failure   Level
a - Call Canine Familiar  Summ           9%         N/A       22%         3
b - Olgreb's Toxic Radia  Pois           11%        N/A       45%         4

Your spell library contained the following spells:

 Spells                   Type           Power      Damage    Failure   Level
 Summon Small Mammal      Summ           36%        N/A       7%          1
 Sting                    Tmut/Pois      20%        1d4       13%         1
 Shock                    Conj/Air       0%         1d3       30%         1
 Slow                     Hex            0%         N/A       30%         1
 Poisonous Vapours        Pois/Air       10%        N/A       19%         2
 Summon Guardian Golem    Hex/Summ       4%         N/A       41%         3
 Confusing Touch          Hex            0%         N/A       67%         3
 Swiftness                Air            0%         N/A       67%         3
 Vampiric Draining        Necr           0%         2d6       67%         3
 Airstrike                Air            0%         2d(0-16)  97%         4


Dungeon Overview and Level Annotations

Branches:
Dungeon (7/15)            Ossuary (visited)
 Temple: D:4-7

Altars:
Ashenzari

Annotations:
D:5 2 transporters, Shinnjin's ghost, novice TrFi


Innate Abilities, Weirdness & Mutations

You cannot wear most types of armour.
You are amphibious.
You can wear up to eight rings at the same time.
Your skin changes colour to match your surroundings (Stealth+).
Your rubbery body absorbs attacks. (AC +1, EV +1)
((You are camouflaged when in or above water. (Stealth+)))
You have tentacles for arms and can constrict up to eight enemies at once.


Message History

a +0 dire flail; a +0 robe HP restored.
There is a stone staircase leading up here.
A centaur comes into view.
A centaur is nearby!
The centaur shouts!
The centaur wields a +0 shortbow.
The centaur shoots an arrow.
The arrow hits you!
A black bear comes into view.
The centaur shoots an arrow.
The arrow barely misses you.
The centaur shoots an arrow.
The arrow hits you!
You hear a howl!
Aiming: Charm
Press: ? - help, Shift-Dir - straight line, f - centaur
Aim: a centaur, wielding a +0 shortbow (chance to affect: 57%)
The centaur resists with significant effort.
The black bear growls angrily.
The centaur shoots an arrow.
The arrow hits you!
Aiming: Charm
Press: ? - help, Shift-Dir - straight line, f/p - centaur
Aim: a centaur, wielding a +0 shortbow (chance to affect: 57%)
The centaur resists with significant effort.
The centaur shoots an arrow.
The arrow hits you!
* * * LOW HITPOINT WARNING * * *
The centaur shoots an arrow.
The arrow hits you!
* * * LOW HITPOINT WARNING * * *
You hear a howl!
Okay, then.
As you read the scroll of fear, it crumbles to dust.
You assume a fearsome visage.
The centaur looks frightened!
The black bear resists with some effort.
Aiming: Charm
Press: ? - help, Shift-Dir - straight line, f/p - centaur
Aim: a centaur, wielding a +0 shortbow (fleeing, chance to affect: 57%)
The black bear resists with significant effort.
The now-empty wand crumbles to dust.
A wight comes into view. It is wielding a +0 mace.
The black bear misses you. The black bear barely misses you.
The black bear claws you.
You die...

..## .... .....
..... .. .....z
..# ......# ...#
.......### #...#
......h@.####...##
......##..........
##### ##.....#.#
#.....#.#
##....#.# #....#.#
#<...#.# #....#.#
#......#


You could see a black bear and a wight.

Vanquished Creatures
  Menkaure (Ossuary)
  A water moccasin (D:6)
  An ice beast (D:6)
  A sky beast (D:7)
  2 ogres
  2 bullfrogs (D:6)
  Blork the orc (D:6)
  A gnoll sergeant (D:6)
  A necrophage (D:5)
  3 scorpions
  A wight (D:7)
  A howler monkey (D:6)
  A hound (D:6)
  A jelly (D:6)
  3 iguanas
  Ijyb (D:3)
  2 orc wizards (D:6)
  4 mummies
  10 gnolls
  4 adders
  An ufetubus (D:6)
  15 orcs
  4 bats
  An endoplasm (D:4)
  5 giant cockroaches
  5 goblins
  4 hobgoblins
  3 jackals (D:1)
  7 kobolds
  3 quokkas
  8 ball pythons
  A frilled lizard (D:1)
  A gnoll skeleton (Ossuary)
  5 gnoll zombies (Ossuary)
  5 goblin skeletons (Ossuary)
  4 goblin zombies (Ossuary)
  8 hobgoblin skeletons (Ossuary)
  6 hobgoblin zombies (Ossuary)
  4 kobold skeletons (Ossuary)
  4 kobold zombies (Ossuary)
  5 orc skeletons (Ossuary)
  5 orc zombies (Ossuary)
  5 rats
  2 rat skeletons (Ossuary)
  A rat zombie (Ossuary)
154 creatures vanquished.

Vanquished Creatures (collateral kills)
  2 gnolls (D:5)
  4 orcs
  2 endoplasms
8 creatures vanquished.

Vanquished Creatures (others)
  An orc priest (D:6)
  A gnoll (D:3)
  A jackal (D:1)
  3 fungi (D:7)
6 creatures vanquished.

Grand Total: 168 creatures vanquished

Notes
Turn   | Place    | Note
-------+----------+-------------------------------------------
     0 | D:1      | M4edhros the Octopode Artificer began the quest for the
                  | Orb.
     0 | D:1      | Reached XP level 1. HP: 13/13 MP: 1/1
   209 | D:1      | Found a faded altar of an unknown god.
   214 | D:1      | Reached XP level 2. HP: 18/18 MP: 2/2
   380 | D:1      | Reached skill level 3 in Dodging
   786 | D:2      | Reached XP level 3. HP: 18/24 MP: 3/3
  1107 | D:3      | Noticed Ijyb
  1357 | D:4      | Noticed a scorpion
  1358 | D:4      | Killed a scorpion
  1359 | D:4      | Reached skill level 4 in Dodging
  1359 | D:4      | Reached XP level 4. HP: 30/30 MP: 4/4
  1405 | D:3      | Reached XP level 5. HP: 28/35 MP: 5/5
  1561 | D:3      | Killed Ijyb
  1715 | D:4      | Reached skill level 5 in Dodging
  1883 | D:5      | Entered Level 5 of the Dungeon
  1902 | D:5      | Found a sand-covered staircase.
  1916 | D:5      | Reached XP level 6. HP: 19/42 MP: 6/6
  1935 | Ossuary  | Entered an ossuary
  2329 | Ossuary  | Noticed Menkaure
  2348 | Ossuary  | Killed Menkaure
  2349 | Ossuary  | Reached skill level 6 in Dodging
  2473 | D:5      | Reached XP level 7. HP: 48/48 MP: 7/7
  2714 | D:5      | Noticed Shinnjin's ghost (novice TrFi)
  2714 | D:5      | Noticed a hornet
  2717 | D:5      | Found a transporter.
  2735 | D:5      | Found a broken altar of Ashenzari.
  2957 | D:5      | Found a transporter.
  2980 | D:5      | Reached skill level 7 in Dodging
  3241 | D:6      | Reached skill level 5 in Fighting
  3241 | D:6      | Reached XP level 8. HP: 55/55 MP: 8/8
  3405 | D:6      | Reached skill level 8 in Dodging
  3866 | D:6      | Learned a level 3 spell: Call Canine Familiar
  3871 | D:6      | Learned a level 4 spell: Olgreb's Toxic Radiance
  3893 | D:6      | Reached skill level 1 in Summonings
  3893 | D:6      | Reached skill level 1 in Poison Magic
  3997 | D:6      | Noticed Blork the orc
  4009 | D:6      | Killed Blork the orc
  4766 | D:7      | Reached XP level 9. HP: 61/61 MP: 9/9
  4923 | D:7      | HP: 2/58 [centaur/arrow (11)]
  4925 | D:7      | Slain by a black bear

Illustrated notes

Levels and vault maps discovered:
D:1:      dpeg_arrival_rhombi, layout_loops_corners,
          shapermc_ecumenical_altar_starsandcircs
D:2:      layout_basic
D:3:      layout_basic, minmay_box_of_dots, uniq_grinder, uniq_ijyb,
          uniq_natasha
D:4:      layout_basic, tgw_xom, minmay_crystal_room
D:5:      layout_basic, mainiacjoe_overflow_alcove_1, gup_ossuary_entry_pyramid,
          gammafunk_ghost_arena
D:6:      layout_basic, kennysheep_generic_room_10, uniq_menkaure,
          uniq_blork_the_orc
D:7:      layout_rooms, vehumet_altar_wand_db,
          minmay_temple_entry_enclosed_plants, dreamdust_gnoll_farm

Skill      XL: |  1  2  3  4  5  6  7  8 |
---------------+-------------------------+-----
Dodging        | 3 4 5 6 7 8 |  8.3
Fighting       | 2 3 4 5 |  5.5
Summonings     | 3 |  3.6
Poison Magic   | 4 |  4.4
Stealth        | |  1.3
Evocations     | |  3.2

Action                     |  1- 3 |  4- 6 |  7- 9 || total
---------------------------+-------+-------+-------++-------
  Melee: Unarmed           |   111 |   187 |   143 ||   441
         Constrict         |    34 |    61 |    32 ||   127
         Tentacles         |    25 |    53 |    45 ||   123
         Punch             |     2 |     4 |     1 ||     7
  Throw: Dart              |       |       |     4 ||     4
  Evoke: Wand              |     7 |    13 |    25 ||    45
    Use: Potion            |     1 |     1 |       ||     2
         Scroll            |       |       |    11 ||    11
   Stab: Sleeping          |     6 |     2 |     3 ||    11
         Distracted        |       |       |     1 ||     1
 Armour: Skin              |    19 |    19 |     6 ||    44
  Dodge: Dodged            |    92 |    78 |   117 ||   287

Table legend: (Time is in decaauts)
 A = Elapsed time spent in this place.
 B = Non-inter-level travel time spent in this place.
 C = Inter-level travel time spent in this place.
 D = Time resting spent in this place.
 E = Time spent auto-exploring this place.
 F = Levels seen in this place.
 G = Mean time per level.
                   A        B        C        D        E       F      G
               +--------+--------+--------+--------+--------+-----+--------+
         Total |   4924 |   4681 |    243 |    407 |   2888 |   8 |  615.5 |
       Dungeon |   4398 |   4155 |    243 |    336 |   2702 |   7 |  628.3 |
       Ossuary |    525 |    525 |      0 |     71 |    186 |   1 |  525.0 |
               +--------+--------+--------+--------+--------+-----+--------+

Top non-repeatable levels by time:
     D:6: 1397 daAuts
     D:5: 952 daAuts
     D:1: 750 daAuts
 Ossuary: 525 daAuts
     D:3: 501 daAuts
     D:2: 356 daAuts
     D:4: 274 daAuts
     D:7: 166 daAuts
